 Dungeon Sprint DCSS version 0.17-a0-81-g781747f (webtiles) character file.

12217 BluebellGnoll the Bludgeoner (level 11, -10/120 HPs)
             Began as a Troll Berserker on Mar 15, 2015.
             Was the Champion of Trog.
             Shot with a bolt by an orc knight (32 damage)
             ... in the Dungeon (Sprint IX: "|||||||||||||||||||||||||||||").
             The game lasted 00:14:04 (1101 turns).

BluebellGnoll the Bludgeoner (Troll Berserker)      Turns: 1101, Time: 00:14:05

Health: -10/120    AC:  6    Str: 30    XL:     11   Next: 59%
Magic:  0/1        EV: 17    Int:  3    God:    Trog [******]
Gold:   1664       SH:  0    Dex: 15    Spells: 0 memorised, 10 levels left

rFire  . . .     SeeInvis .     q - +5 great mace (antimagic)
rCold  . . .     Clarity  .     b - +0 animal skin
rNeg   . . .     SustAb   .     (shield restricted)
rPois  .         Gourm    +     (helmet restricted)
rElec  .         Spirit   +     y - +0 cloak
rCorr  .         Warding  .     (gloves unavailable)
rMut   .         NoTele   +     (boots unavailable)
MR     .....                    r - amulet of guardian spirit
Stlth  +.........               p - +3 ring of dexterity
                                a - +3 ring of dexterity

@: exhausted, slowed, very slow, not resistant to hostile enchantments, very
unstealthy
A: unfitting armour, claws 3, fast metabolism 3, gourmand, regeneration 2,
shaggy fur 1, tough skin 2
a: Burn Spellbooks, Berserk, Trog's Hand, Brothers in Arms, Renounce Religion


You were in the Dungeon.
You worshipped Trog.
Trog was exalted by your worship.
You were not hungry.

You visited 1 branch You collected 1664 gold pieces.

Inventory:

Hand weapons
 n - the +1 broad axe of the Boar {venom, rC+++ rN+ Str-3}
   (You found it in the Dungeon)

   It poisons the flesh of those it strikes.
   It affects your strength (-3).
   It renders you almost immune to cold.
   It protects you from negative energy.
 q - a +5 antimagic great mace (weapon)
 v - the +2 dire flail of Strategic Superiority {crush, Stlth+}
   (Trog gifted it to you in the Dungeon)

   It inflicts extra damage upon your enemies.
   It makes you more stealthy.
 w - the +7 giant club of the World {venom, rF+++ rN+ MR- Dex-5}
   (Trog gifted it to you in the Dungeon)

   It poisons the flesh of those it strikes.
   It affects your dexterity (-5).
   It renders you almost immune to fire.
   It protects you from negative energy.
   It affects your resistance to hostile enchantments.
 E - the +2 dire flail "Transmigrator" {crush, rN+ Int+6}
   (Trog gifted it to you in the Dungeon)

   It inflicts extra damage upon your enemies.
   It affects your intelligence (+6).
   It protects you from negative energy.
 G - the +4 giant spiked club "Veup" {holy, rC+ Str+4 Int+2}
   (Trog gifted it to you in the Dungeon)

   It has been blessed by the Shining One to cause great damage to the undead
   and demons.
   It affects your strength (+4).
   It affects your intelligence (+2).
   It protects you from cold.
Missiles
 j - a poisoned javelin (quivered)
 x - 26 stones
 B - 3 large rocks
 C - 22 javelins of returning
 D - 4 tomahawks of dispersal
 F - 3 steel javelins
Armour
 b - a +0 animal skin (worn)
 y - a +0 cloak (worn)
Jewellery
 a - a +3 ring of dexterity (left claw)
 p - a +3 ring of dexterity (right claw)
 r - an amulet of guardian spirit (around neck)
Magical devices
 m - a wand of cold (5)
Scrolls
 i - 3 scrolls of blinking
 l - 5 scrolls of remove curse
 t - a scroll of recharging
 u - 2 scrolls of enchant weapon
Potions
 d - 7 potions of curing
 e - 6 potions of heal wounds
 f - a potion of haste
 g - 4 potions of magic
 h - a potion of berserk rage
 k - a potion of invisibility
 o - a potion of restore abilities
Miscellaneous
 s - a lamp of fire
Comestibles
 c - 14 meat rations
 z - 40 fruits
 A - 12 bread rations


   Skills:
 - Level 11.5 Fighting
 + Level 16.5 Maces & Flails
 - Level 10.7 Throwing
 - Level 1.5 Armour
 - Level 12.2 Dodging


You had 10 spell levels left.
You didn't know any spells.

Dungeon Overview and Level Annotations

Branches:
Dungeon (1/1)

Altars:
Cheibriados
Dithmenos
Elyvilon
Fedhas
Gozag
Kikubaaqudgha
Makhleb
Nemelex Xobeh
Okawaru
Qazlal
Ru
Sif Muna
Trog
Vehumet
Xom
Yredelemnul
Zin
The Shining One
Beogh
Jiyva
Lugonu

Shops:
D (**[


Innate Abilities, Weirdness & Mutations

You are too large for most types of armour.
You have claws for hands.
Your metabolism is lightning-fast.
You like to eat raw meat.
You heal very quickly.
You are covered in fur (AC +1).
You have very tough skin (AC +2).


Message History

The orc knight misses you.
Unknown command.
Drink which item? (? for menu, Esc to quit)
You feel much better.
The orc high priest hits you from afar with a halberd!
* * * LOW HITPOINT WARNING * * *
The orc knight closely misses you.
Unknown command.
Use which ability? (? or * to list)
Your iron troll goes berserk!
You feel somewhat more hungry.
The orc high priest hits you from afar with a halberd.
* * * LOW HITPOINT WARNING * * *
The orc knight closely misses you.
Unknown command.
You swap places.
The orc knight unwields an uncursed great sword.
The orc knight wields an arbalest.
The orc knight shoots a bolt.
The bolt barely misses your iron troll. The bolt hits you!!
You die...

▓▓▓▓▓▓▓▓▓▓▓▓▓▓▓▓▓▓▓▓▓▓▓▓▓▓
....).).))).).∩(@Too344...
▓▓▓▓▓▓▓▓▓▓▓▓▓▓▓▓▓▓▓▓▓▓▓▓▓▓▓▓▓▓▓▓▓
.................................
▓▓▓▓▓▓▓▓▓▓▓▓▓▓▓▓▓▓▓▓▓▓▓▓▓▓▓▓▓▓▓▓▓
÷..).....'.........[..'..[[[...'.
▓▓▓▓▓▓▓▓▓▓▓▓▓▓▓▓▓▓▓▓▓▓▓▓▓▓▓▓▓▓▓▓▓
.................................
▓▓▓▓▓▓▓▓▓▓▓▓▓▓▓▓▓▓▓▓▓▓▓▓▓▓▓▓▓▓▓▓▓
_______'.?|)[[[..').....'.))...'.


You could see an orc knight, an orc high priest, a sun demon, 2 sixfirhies and a
friendly iron troll (berserk).

Vanquished Creatures
  6 orc high priests (D)
  2 soul eaters (D)
  An unseen horror (D)
  3 lindwurms (D)
  5 orc knights (D)
  2 orc sorcerers (D)
  A spiny frog (D)
  A hellwing (D)
  A blue devil (D)
  A red devil (D)
  A two-headed ogre (D)
  2 deep elf magi (D)
  A chaos spawn (D)
  3 hippogriffs (D)
  A neqoxec (D)
  4 porcupines (D)
  A water moccasin (D)
  5 orc warriors (D)
  An ogre (D)
  2 crocodiles (D)
  2 brain worms (D)
  2 giant frogs (D)
  2 crimson imps (D)
  An iguana (D)
  An orc priest (D)
  3 orc wizards (D)
  A worker ant (D)
  A sheep (D)
  2 river rats (D)
  An adder (D)
  3 worms (D)
  8 orcs (D)
  A bat (D)
  2 bat zombies (D)
  A giant cockroach (D)
  2 goblins (D)
  2 hobgoblins (D)
  2 kobolds (D)
  3 quokkas (D)
  A quokka skeleton (D)
85 creatures vanquished.

Vanquished Creatures (collateral kills)
  4 orc knights (D)
  2 orc warriors (D)
6 creatures vanquished.

Vanquished Creatures (others)
  2 hill giants (D)
2 creatures vanquished.

Grand Total: 93 creatures vanquished

Notes
Turn   | Place    | Note
--------------------------------------------------------------
     0 | D        | BluebellGnoll, the Troll Berserker, began the quest for the Orb.
     0 | D        | Reached XP level 1. HP: 22/22 MP: 1/1
     6 | D        | Reached skill level 3 in Maces & Flails
    10 | D        | Acquired Trog's second power
    11 | D        | Reached skill level 4 in Maces & Flails
    26 | D        | Noticed a crimson imp
    26 | D        | Noticed a crimson imp
    26 | D        | Noticed an ogre
    42 | D        | Killed a crimson imp
    42 | D        | Reached skill level 6 in Maces & Flails
    42 | D        | Reached XP level 2. HP: 29/29 MP: 1/1
    42 | D        | Reached XP level 3. HP: 36/36 MP: 2/2
    48 | D        | Killed a crimson imp
    48 | D        | Reached skill level 7 in Maces & Flails
    48 | D        | Reached XP level 4. HP: 44/44 MP: 2/2
    53 | D        | Reached skill level 8 in Maces & Flails
    55 | D        | Killed an ogre
    55 | D        | Acquired Trog's third power
    55 | D        | Reached skill level 10 in Maces & Flails
    55 | D        | Reached XP level 5. HP: 50/50 MP: 2/2
    84 | D        | Found a glowing silver altar of Zin.
    84 | D        | Found a glowing golden altar of the Shining One.
    84 | D        | Found an ancient bone altar of Kikubaaqudgha.
    84 | D        | Found a basalt altar of Yredelemnul.
    84 | D        | Found a shimmering altar of Xom.
    84 | D        | Found a radiant altar of Vehumet.
    84 | D        | Found an iron altar of Okawaru.
    85 | D        | Found a burning altar of Makhleb.
    86 | D        | Found a deep blue altar of Sif Muna.
    87 | D        | Found a bloodstained altar of Trog.
    88 | D        | Found a sparkling altar of Nemelex Xobeh.
    89 | D        | Found a white marble altar of Elyvilon.
    90 | D        | Found a roughly hewn altar of Beogh.
    91 | D        | Found a viscous altar of Jiyva.
    92 | D        | Found a corrupted altar of Lugonu.
    93 | D        | Found a blossoming altar of Fedhas.
    94 | D        | Found a snail-covered altar of Cheibriados.
    95 | D        | Found a shadowy altar of Dithmenos.
    96 | D        | Found a stormy altar of Qazlal.
    97 | D        | Found an opulent altar of Gozag.
    98 | D        | Found a sacrificial altar of Ru.
   116 | D        | Got the +1 broad axe of the Boar {venom, rC+++ rN+ Str-3}
   129 | D        | Noticed a two-headed ogre
   129 | D        | Noticed an iguana
   134 | D        | Killed a two-headed ogre
   134 | D        | Reached XP level 6. HP: 66/71 MP: 3/3
   141 | D        | Killed an iguana
   144 | D        | Killed an unseen horror
   144 | D        | Reached skill level 11 in Fighting
   144 | D        | Reached XP level 7. HP: 68/88 MP: 3/3
   189 | D        | Noticed a hippogriff
   189 | D        | Noticed a hippogriff
   189 | D        | Noticed a deep elf mage
   189 | D        | Noticed a worker ant
   189 | D        | Noticed a deep elf mage
   193 | D        | Killed a hippogriff
   193 | D        | Reached XP level 8. HP: 70/97 MP: 3/3
   196 | D        | Killed a hippogriff
   196 | D        | Received a gift from Trog
   201 | D        | Killed a deep elf mage
   205 | D        | Killed a worker ant
   205 | D        | Received a gift from Trog
   205 | D        | Reached skill level 12 in Maces & Flails
   207 | D        | Killed a deep elf mage
   333 | D        | Noticed a spiny frog
   333 | D        | Noticed a giant frog
   333 | D        | Noticed a hippogriff
   333 | D        | Noticed a crocodile
   333 | D        | Noticed a porcupine
   335 | D        | Killed a spiny frog
   338 | D        | Killed a giant frog
   338 | D        | Reached skill level 5 in Dodging
   339 | D        | Killed a hippogriff
   339 | D        | Reached XP level 9. HP: 71/105 MP: 1/4
   342 | D        | Killed a crocodile
   342 | D        | Received a gift from Trog
   345 | D        | Killed a porcupine
   348 | D        | Noticed a crocodile
   353 | D        | Killed a crocodile
   353 | D        | Received a gift from Trog
   361 | D        | Got an iridescent dire flail {god gift}
   366 | D        | Identified the +2 dire flail of Strategic Superiority {crush, Stlth+} (Trog gifted it to you in the Dungeon)
   377 | D        | Noticed a porcupine
   377 | D        | Noticed a porcupine
   377 | D        | Noticed a water moccasin
   377 | D        | Noticed a porcupine
   385 | D        | Killed a porcupine
   391 | D        | Killed a porcupine
   394 | D        | Killed a water moccasin
   398 | D        | Killed a porcupine
   403 | D        | Noticed a giant frog
   409 | D        | Killed a giant frog
   409 | D        | Received a gift from Trog
   432 | D        | Noticed a lindwurm
   432 | D        | Noticed a lindwurm
   432 | D        | Noticed a brain worm
   432 | D        | Noticed a lindwurm
   433 | D        | Noticed a brain worm
   440 | D        | Killed a lindwurm
   440 | D        | Reached skill level 10 in Dodging
   444 | D        | Killed a lindwurm
   446 | D        | Killed a brain worm
   448 | D        | Killed a lindwurm
   448 | D        | Received a gift from Trog
   448 | D        | Reached XP level 10. HP: 114/114 MP: 3/4
   453 | D        | Killed a brain worm
   477 | D        | Got a dazzling giant club {god gift}
   614 | D        | Noticed an orc warrior
   614 | D        | Noticed an orc wizard
   614 | D        | Noticed an orc wizard
   614 | D        | Noticed an orc warrior
   617 | D        | Killed an orc warrior
   617 | D        | Reached skill level 1 in Throwing
   618 | D        | Noticed an orc sorcerer
   618 | D        | Killed an orc wizard
   618 | D        | Received a gift from Trog
   623 | D        | Killed an orc warrior
   625 | D        | Noticed an orc priest
   626 | D        | Killed an orc wizard
   629 | D        | Noticed an orc wizard
   638 | D        | Killed an orc sorcerer
   638 | D        | Received a gift from Trog
   638 | D        | Reached skill level 5 in Throwing
   641 | D        | Killed an orc priest
   643 | D        | Killed an orc wizard
   643 | D        | Received a gift from Trog
   665 | D        | Received a gift from Trog
   699 | D        | Got a bloodstained giant spiked club {god gift}
   720 | D        | Identified the +7 giant club of the World {venom, rF+++ rN+ MR- Dex-5} (Trog gifted it to you in the Dungeon)
   721 | D        | Identified the +2 giant spiked club of Trog's Supremacy {venom, Int+5} (Trog gifted it to you in the Dungeon)
   727 | D        | Noticed an orc knight
   727 | D        | Noticed an orc warrior
   727 | D        | Noticed an orc warrior
   727 | D        | Noticed an orc knight
   727 | D        | Noticed an orc warrior
   733 | D        | Noticed an orc knight
   735 | D        | Killed an orc knight
   741 | D        | Killed an orc knight
   743 | D        | Noticed an orc warrior
   747 | D        | Killed an orc warrior
   749 | D        | Noticed an orc knight
   753 | D        | Noticed an orc sorcerer
   758 | D        | Killed an orc knight
   761 | D        | Killed an orc warrior
   761 | D        | Received a gift from Trog
   762 | D        | Killed an orc warrior
   775 | D        | Killed an orc knight
   775 | D        | Received a gift from Trog
   777 | D        | Paralysed by an orc sorcerer for 6 turns
   786 | D        | Killed an orc sorcerer
   786 | D        | Reached skill level 10 in Throwing
   789 | D        | Noticed an orc warrior
   792 | D        | Killed an orc warrior
   798 | D        | Killed an orc warrior
   829 | D        | Received a gift from Trog
   878 | D        | Got a crystal dire flail {god gift}
   884 | D        | Identified the +2 dire flail "Transmigrator" {crush, rN+ Int+6} (Trog gifted it to you in the Dungeon)
   892 | D        | Found Eseut's Weapon Emporium.
   892 | D        | Noticed an orc high priest
   892 | D        | Noticed an orc high priest
   892 | D        | Noticed an orc high priest
   892 | D        | Noticed an orc knight
   892 | D        | Noticed an orc knight
   892 | D        | Noticed an orc knight
   893 | D        | Found Shieheuf's Assorted Antiques.
   894 | D        | Noticed an orc knight
   895 | D        | Killed an orc high priest
   895 | D        | Reached skill level 13 in Maces & Flails
   895 | D        | Reached XP level 11. HP: 120/120 MP: 4/4
   896 | D        | Noticed a soul eater
   898 | D        | Noticed an orc high priest
   899 | D        | Killed a soul eater
   903 | D        | Killed an orc high priest
   903 | D        | Received a gift from Trog
   907 | D        | Killed an orc high priest
   907 | D        | Reached skill level 14 in Maces & Flails
   908 | D        | Found Shrafraum's General Store.
   919 | D        | Killed an orc knight
   927 | D        | Killed an orc knight
   927 | D        | Received a gift from Trog
   930 | D        | Killed an orc knight
   973 | D        | Killed an orc knight
   973 | D        | Received a gift from Trog
   973 | D        | Reached skill level 15 in Maces & Flails
   978 | D        | Killed an orc high priest
   983 | D        | Received a gift from Trog
   984 | D        | Got a scorched giant spiked club {god gift}
  1008 | D        | Identified the +4 giant spiked club "Veup" {holy, rC+ Str+4 Int+2} (Trog gifted it to you in the Dungeon)
  1051 | D        | Found Kaul's Armour Shoppe.
  1053 | D        | Noticed an orc knight
  1055 | D        | Noticed an orc high priest
  1067 | D        | Killed an orc knight
  1068 | D        | Noticed a soul eater
  1075 | D        | Killed a soul eater
  1079 | D        | Killed an orc high priest
  1079 | D        | Reached skill level 16 in Maces & Flails
  1084 | D        | Noticed an orc high priest
  1085 | D        | Noticed an orc knight
  1086 | D        | Noticed an orc high priest
  1089 | D        | Noticed a sun demon
  1094 | D        | Killed an orc high priest
  1101 | D        | Shot with a bolt by an orc knight

Action                   |  1- 3 |  4- 6 |  7- 9 | 10-12 || total
-------------------------+-------+-------+-------+-------++-------
Melee: Mace              |    29 |     4 |       |       ||    33
       Dire flail        |       |    13 |    51 |    65 ||   129
       Great mace        |       |       |    15 |    19 ||    34
       Giant club        |       |       |       |    20 ||    20
Throw: Javelin           |       |       |       |     7 ||     7
Invok: Trog's Hand       |     1 |     1 |     4 |     6 ||    12
       Berserk           |       |     2 |     2 |     2 ||     6
       Brothers in Arms  |       |       |       |     3 ||     3
Evoke: Wand              |       |       |     2 |       ||     2
  Use: Potion            |       |       |       |     1 ||     1
  Eat: Chunk             |       |     4 |     4 |    10 ||    18
